 Dungeon Crawl Stone Soup version 0.30.1-11-g7821555f0a (webtiles) character file.

Game seed: 9480367907117015487

98 Gumption the Poker (level 4, -9/40 (41) HPs)
             Began as a Hill Orc Monk on Nov 9, 2023.
             Mangled by Crazy Yiuf
             ... wielding a +3 quarterstaff of chaos
              (13 damage)
             ... on level 2 of the Dungeon.
             The game lasted 00:15:23 (2349 turns).

Gumption the Poker (Hill Orc Monk)                  Turns: 2349, Time: 00:15:23

HP:   -9/40 (41)    AC:  6    Str: 15    XL:     4   Next: 69%
MP:   4/4           EV: 10    Int: 10    God:
Gold: 100           SH:  0    Dex: 13    Spells: 3/3 levels left

rFire   . . .        a - +0 spear
rCold   . . .        d - orb {light}
rNeg    . . .        b - +0 scale mail {Will+}
rPois   .            (no helmet)
rElec   .            (no cloak)
rCorr   .            (no gloves)
SInv    .            (no boots)
Will    +....        (no amulet) Stlth
                     (no ring)
HPRegen 0.26/turn    (no ring)
MPRegen 0.09/turn

%: no passive effects
@: confused, lethally poisoned (-9 -> -20), ambrosia-drunk, glowing, lightly
drained
A: no striking features
a: no special abilities


You were on level 2 of the Dungeon.
You visited 1 branch of the dungeon, and saw 2 of its levels.

You collected 100 gold pieces.

Inventory:

Hand Weapons
 a - a +0 spear (weapon)
Missiles
 g - 10 stones (quivered)
 i - 8 poisoned darts
Armour
 b - a +0 scale mail of willpower (worn)
 d - an orb of light (worn)
Scrolls
 e - 4 scrolls of identify {unknown}
 j - a scroll of amnesia {unknown}
 n - a scroll of magic mapping {unknown}
 o - a scroll of immolation {unknown}
 q - a scroll of vulnerability {unknown}
Potions
 f - a potion of degeneration {unknown}
 h - a potion of resistance {unknown}
 k - a potion of curing {unknown}
 l - a potion of magic
 m - a potion of might {unknown}
 p - a potion of brilliance {unknown}
 r - a potion of lignification {unknown}


   Skills:
 + Level 4.4 Fighting
 * Level 4.7 Polearms
 + Level 2.0 Armour
 - Level 2.4 Dodging


You had 3 spell levels left.
You didn't know any spells.
Your spell library contained the following spells:

 Spells                   Type           Power      Damage    Failure   Level
 Scorch                   Fire           0%         2d5       92%         2
 Inner Flame              Hex/Fire       0%         N/A       99%         3
 Flame Wave               Conj/Fire      0%         2d4       100%        4
 Sticky Flame             Conj/Fire      0%         2d3       100%        4
 Summon Cactus Giant      Summ           0%         N/A       100%        6


Dungeon Overview and Level Annotations

Branches:
Dungeon (2/15)

Altars:
Qazlal

Annotations:
D:2 Crazy Yiuf


Message History

You see here a +0 ring mail.
Found a ring mail and 9 gold pieces.
q - a scroll labelled ECUAWA YGHUMP You see here a +0 dagger.
r - a viscous green potion You see here a +0 ring mail.
You now have 100 gold pieces (gained 9).
You see here a +0 dagger.
Crazy Yiuf shouts!
You open the door.
Crazy Yiuf grits, "Sif Muna!
Gnoll eyeball tired."
You completely miss Crazy Yiuf.
Crazy Yiuf zaps a wand.
The puff of flame hits you!
You completely miss Crazy Yiuf. Crazy Yiuf barely misses you.
You hit Crazy Yiuf.
Crazy Yiuf is moderately wounded.
Crazy Yiuf zaps a wand.
The puff of flame misses you.
You hit Crazy Yiuf.
Crazy Yiuf is moderately wounded.
Crazy Yiuf hits you with a +3 quarterstaff of chaos!
You feel drained.
You hit Crazy Yiuf.
Crazy Yiuf is severely wounded.
You hit Crazy Yiuf but do no damage.
Crazy Yiuf is severely wounded.
Crazy Yiuf zaps a wand.
The puff of flame hits you!
You hit Crazy Yiuf.
Crazy Yiuf is severely wounded.
Crazy Yiuf zaps a wand.
The puff of flame misses you.
You hit Crazy Yiuf but do no damage.
Crazy Yiuf is severely wounded.
Crazy Yiuf hits you with a +3 quarterstaff of chaos!
* * * LOW HITPOINT WARNING * * *
You are lethally poisoned!
You are confused.
You feel invigorated.
* * * LOW HITPOINT WARNING * * *
You feel very sick.
Crazy Yiuf hits you with a +3 quarterstaff of chaos!
You die...

#........##
#.####....#
##.# ##..##
#..# ♣..♣.♣
#.## ♣♣...♣
#.# ♣♣.♣♣
#.# ♣♣.♣
########.##
♣.♣♣
..........#
♣♣@♣
##.......##
♣g♣♣
.....>...#
#'#
##..###..#
... #..#
#..# #...#
#..# #..#
#)..#
#..###..#
#####
#...##..#
#.#.##..#
###


You could see Crazy Yiuf.

Vanquished Creatures
  Terence (D:2)
  2 adders (D:2)
  2 worms (D:2)
  A dart slug (D:2)
  6 ball pythons
  3 bats
  5 endoplasms
  2 giant cockroaches (D:2)
  4 goblins
  9 hobgoblins
  2 kobolds (D:1)
  A quokka (D:2)
  A frilled lizard (D:1)
  4 rats
43 creatures vanquished.

Notes
Turn   | Place    | Note
-------+----------+-------------------------------------------
     0 | D:1      | Gumption the Hill Orc Monk began the quest for the Orb.
     0 | D:1      | Reached XP level 1. HP: 19/19 MP: 1/1
   312 | D:1      | Reached XP level 2. HP: 27/27 MP: 2/2
   656 | D:1      | Reached skill level 1 in Armour
   867 | D:2      | Noticed Terence
  1001 | D:2      | Reached XP level 3. HP: 33/33 MP: 3/3
  1007 | D:2      | Found a faded altar of an unknown god.
  1211 | D:2      | Found a stormy altar of Qazlal.
  1699 | D:2      | Found a runed translucent door.
  1700 | D:2      | Noticed Crazy Yiuf
  1873 | D:2      | Reached XP level 4. HP: 39/40 MP: 4/4
  1999 | D:2      | HP: 2/41 [Terence/+0 flail (7)]
  2002 | D:2      | Killed Terence
  2349 | D:2      | Mangled by Crazy Yiuf

Illustrated notes

Levels and vault maps discovered:
D:1:      minmay_arrival_four_loops, layout_basic, corexii_hall_statues_t
D:2:      layout_loops_ring, basic_altar, nicolae_ecumenical_snake_handling,
          minmay_vboxes, uniq_crazy_yiuf_cottage, uniq_terence

Skill      XL: |  1  2  3  4 |
---------------+-------------+-----
Armour         | 1 2 |  2.0
Fighting       | 4 |  4.4
Polearms       | 4 |  4.7
Dodging        | |  2.4

Action                     |  1- 3 |  4- 6 || total
---------------------------+-------+-------++-------
  Melee: Spear             |   147 |    45 ||   192
    Use: Potion            |       |     2 ||     2
 Armour: Robe              |     5 |       ||     5
         Ring mail         |     1 |     2 ||     3
         Scale mail        |       |     1 ||     1
  Dodge: Dodged            |    50 |    20 ||    70
